AoeStats
← Jaguar82

Arabia

510660813Analyzed
1v1 RM · 1d ago on Oct 2, 2026· 49m 49s· 2 players
Game mode
Random Map
Map size
Tiny (2 player)
Population
200
Speed
Normal
Resources
Standard
Victory
Conquest
Starting age
Dark Age
Ending age
Imperial Age
RankedLock teamsTeams togetherTeam positionsShared explorationLock speedFull tech treeHidden civsTurbo modeCheats
Victory
Defeat
🇲🇽 Khitans · Mexico
1493
+13
🇫🇷 Ethiopians · France
1432
-13
IneedMoney$
6:59 Loom
9:31 Feudal Age
9:43 Man-at-Arms
12:29 Double-Bit Axe
18:14 Wheelbarrow
18:14 Fletching
20:44 Padded Archer Armor
22:39 Scale Mail Armor
22:43 Horse Collar
22:54 Gold Mining
26:04 Castle Age
25:26 Forging
26:43 Bodkin Arrow
26:10 Crossbowman
27:49 Leather Archer Armor
28:28 Squires
29:46 Chain Mail Armor
29:59 Arson
30:51 Bow Saw
30:44 Heavy Plow
30:36 Stone Mining
33:35 Ballistics
39:01 Iron Casting
39:15 Hand Cart
39:37 Gold Shaft Mining
41:04 Stone Shaft Mining
44:02 Imperial Age
42:56 Scale Barding Armor
43:09 Thumb Ring
43:20 Light Cavalry
44:21 Chain Barding Armor
44:03 Husbandry
44:10 Halberdier
45:22 Plate Mail Armor
44:24 Arbalester
45:52 Bracer
46:23 Ring Archer Armor
45:16 Capped Ram
48:28 Blast Furnace
47:52 Siege Ram
Jaguar82
5:58 Loom
9:04 Feudal Age
9:48 Double-Bit Axe
15:14 Forging
17:02 Scale Barding Armor
22:31 Castle Age
20:24 Domestication
20:38 Gold Mining
23:52 Wheelbarrow
22:50 Light Cavalry
23:36 Husbandry
25:26 Iron Casting
25:45 Bow Saw
26:17 Scale Mail Armor
26:07 Fletching
26:10 Gambesons
26:25 Squires
26:11 Arson
27:31 Chain Mail Armor
40:43 Imperial Age
39:24 Fletching
40:06 Chain Barding Armor
40:07 Hand Cart
40:49 Ballistics
39:54 Elite Skirmisher
40:50 Bodkin Arrow
41:02 Thumb Ring
42:12 Plate Barding Armor
42:34 Bracer
42:45 Town Watch
43:42 Pastoralism
44:56 Ordo Cavalry
45:12 Conscription
44:52 Hussar
47:56 Chemistry
47:33 Lamellar Armor
47:38 Lamellar Armor
47:48 Padded Archer Armor
48:01 Masonry
47:47 Murder Holes
Connection lost

Rejoining the realm…

Still unreachable

The connection could not be restored.

Session expired

The server has moved on; the page needs a fresh start.